 Dungeon Crawl Stone Soup version 0.32-a0-141-g04fe69798e (webtiles) character file.

Game seed: 9036838119077064196

2865 Muffindrake the Geomancer (level 9, -6/62 HPs)
             Began as a Green Draconian Earth Elementalist on Feb 11, 2024.
             Was a Priest of Cheibriados.
             Mangled by a manticore (21 damage)
             ... on level 9 of the Dungeon.
             The game lasted 00:25:34 (7551 turns).

Muffindrake the Geomancer (DrEE)                    Turns: 7551, Time: 00:25:35

Health: -6/62      AC:  7    Str: 18    XL:     9   Next: 47%
Magic:  6/17       EV: 12    Int: 26    God:    Cheibriados [***...]
Gold:   816        SH:  0    Dex: 19    Spells: 0/19 levels left

rFire   . . .        C - +2 quick blade (vamp)
rCold   . . .        (no shield)
rNeg    . . .        (body armour unavailable)
rPois   +            (helmet restricted)
rElec   .            (no cloak)
rCorr   .            (no gloves)
SInv    .            (no boots)
Will    .....        (no amulet)
Stlth   ++           (no ring)
HPRegen 0.30/turn    (no ring)
MPRegen 0.15/turn

%: no passive effects
@: spiked, very slow
A: breathe noxious fumes, AC +7, unfitting armour, poison resistance,
cold-blooded, mutation resistance 1
a: Breathe Noxious Fumes, Renounce Religion, Bend Time, Temporal Distortion


You were on level 9 of the Dungeon.
You worshipped Cheibriados.
Cheibriados was most pleased with you.
You visited 2 branches of the dungeon, and saw 10 of its levels.

You collected 1260 gold pieces.
You spent 444 gold pieces at shops.

Inventory:

Hand Weapons
 a - a +3 dagger of venom
 C - a +2 vampiric quick blade (weapon)
Missiles
 A - a throwing net
Magical Staves
 p - a staff of conjuration
Wands
 e - a wand of polymorph (8)
 B - a wand of iceblast (4)
Scrolls
 c - 3 scrolls of blinking
 g - a scroll of fear
 h - 2 scrolls of noise
 i - 4 scrolls of enchant armour
 j - 2 scrolls of revelation
 k - a scroll of torment
 l - 3 scrolls of poison
 m - 2 scrolls of fog
 n - 3 scrolls of amnesia
 o - 2 scrolls of immolation
 q - 3 scrolls of teleportation
 u - 2 scrolls of vulnerability
 y - a scroll of brand weapon
Potions
 b - 2 potions of mutation
 d - a potion of enlightenment
 r - a potion of invisibility {unknown}
 t - a potion of heal wounds {unknown}
 v - a potion of haste {unknown}
 w - a potion of berserk rage {unknown}
 x - 2 potions of brilliance
 z - a potion of cancellation {unknown}


   Skills:
 - Level 1.7 Dodging
 - Level 1.7 Stealth
 + Level 5.8 Spellcasting
 + Level 2.4 Conjurations
 - Level 4.0 Ice Magic
 * Level 9.2 Earth Magic
 * Level 7.3 Alchemy


You couldn't memorise any spells.
You knew the following spells:

 Your Spells              Type           Power      Damage    Failure   Level
a - Sandblast             Erth           100%       2d20      1%          1
b - Passwall              Erth           53%        N/A       1%          3
c - Blink                 Tloc           14%        N/A       11%         2
d - Frozen Ramparts       Ice            56%        1d9       4%          3
e - Apportation           Tloc           14%        N/A       7%          1
f - Petrify               Alch/Erth      50%        N/A       2%          4
g - Irradiate             Conj/Alch      16%        3d17      26%         5

Your spell library contained the following spells:

 Spells                   Type           Power      Damage    Failure   Level
 Sting                    Conj/Alch      100%       1d9       1%          1
 Stone Arrow              Conj/Erth      74%        3d11      1%          3
 Magic Dart               Conj           80%        1d7       2%          1
 Leda's Liquefaction      Alch/Erth      25%        N/A       2%          4
 Brom's Barrelling Bould  Conj/Erth      37%        2d6       6%          4
 Necrotise                Necr           28%        1d5       7%          1
 Summon Small Mammal      Summ           28%        N/A       7%          1
 Momentum Strike          Conj/Tloc      26%        3d8       7%          2
 Call Imp                 Summ           14%        N/A       11%         2
 Lesser Beckoning         Tloc           14%        N/A       11%         2
 Inner Flame              Hex/Fire       7%         N/A       22%         3
 Metabolic Englaciation   Hex/Ice        8%         N/A       65%         5
 Ignition                 Fire           3%         3d4       100%        8


Dungeon Overview and Level Annotations

Branches:
Dungeon (9/15)             Temple (1/1) D:4
   Lair: D:8-11         Orc: D:9-12

Altars:
Ashenzari
Cheibriados
Dithmenos
Elyvilon
Fedhas
Gozag
Hepliaklqana
Kikubaaqudgha
Makhleb
Nemelex Xobeh
Okawaru
Qazlal
Ru
Sif Muna
Trog
Uskayaw
Vehumet
Wu Jian
Xom
Yredelemnul
Zin
The Shining One

Shops:
D:4 [   D:9 (

Annotations:
D:3 1 runed translucent door, Crazy Yiuf
D:6 3 runed translucent doors, mn3067's ghost, novice TrFi


Innate Abilities, Weirdness & Mutations

You can breathe blasts of noxious fumes.
Your lurid green scales are hard. (AC +7)
You cannot fit into any form of body armour.
Your system is resistant to poisons. (rPois)
You are cold-blooded and may be slowed by cold attacks.
You are somewhat resistant to further mutation.


Message History

The manticore stops moving altogether!
Found a spear.
The barbed spikes dig painfully into your body as you move.
The barbed spikes dig painfully into your body as you move.
The helpless manticore fails to defend itself.
You hit the manticore.
The helpless manticore fails to defend itself.
You hit the manticore.
You feel better.
You tail-slap the manticore, but do no damage.
The manticore is lightly wounded.
The helpless manticore fails to defend itself.
You hit the manticore but do no damage.
The helpless manticore fails to defend itself.
You hit the manticore. You tail-slap the manticore.
The manticore is lightly wounded.
The manticore is no longer petrified.
The manticore closely misses you. The manticore claws you!
The manticore completely misses you.
Casting: Petrify (dangerous; 2% risk of failure)
Confirm with . or Enter, or press ? or * to list all spells.
Aiming: Petrify (dangerous; 2% risk of failure)
Press: ? - help, Shift-Dir - straight line, f/p - manticore
Aim: a manticore (lightly wounded, chance to affect: 54%)
The manticore resists with significant effort.
The manticore bites you. The manticore barely misses you.
The manticore claws you but does no damage.
Unknown command.
Casting: Petrify (dangerous; 2% risk of failure)
Confirm with . or Enter, or press ? or * to list all spells.
Aiming: Petrify (dangerous; 2% risk of failure)
Press: ? - help, Shift-Dir - straight line, f/p - manticore
Aim: a manticore (lightly wounded, chance to affect: 54%)
The manticore is moving more slowly.
The manticore bites you!
* * * LOW HITPOINT WARNING * * *
The manticore claws you.
* * * LOW HITPOINT WARNING * * *
The manticore claws you.
* * * LOW HITPOINT WARNING * * *
You feel better. The manticore bites you!!
You die...
Cheibriados appreciates the motionlessness of death.

......## #...
#......########
...† #.......∩...#
.)... ##.########.#
...∩ #.# #.# ...
#.# ####.####.#
##'## #.........#
##...## #.##.##.###
##.....### #.##@#
#.......# ...#H#
.........# #.....#
.).......+ .......
.........#.#......
#.......##.........
##.....## #.......
####### ###.....#


You could see a manticore (petrifying).

Vanquished Creatures
  A hornet (D:7)
  Grinder (D:3)
  2 steam dragons
  2 black bears
  3 ice beasts
  A centaur (D:9)
  A kobold brigand (D:7)
  A gnoll sergeant (D:7)
  2 scorpions
  A bullfrog (D:4)
  3 wights (D:6)
  3 howler monkeys
  5 hounds
  3 bombardier beetles
  2 jellies
  4 orc priests
  A gnoll bouda (D:8)
  2 sleepcaps
  Jessica (D:3)
  4 iguanas
  6 orc wizards
  9 gnolls
  11 adders
  A shadow imp (D:6)
  A white imp (D:6)
  6 dart slugs
  3 ribbon worms
  25 orcs
  5 ball pythons
  4 endoplasms
  3 giant cockroaches
  9 goblins
  7 hobgoblins
  12 kobolds
  4 quokkas
  6 bats
  6 frilled lizards
  10 rats
171 creatures vanquished.

Vanquished Creatures (others)
  An orc wizard (D:5)
1 creature vanquished.

Grand Total: 172 creatures vanquished

Notes
Turn   | Place    | Note
-------+----------+-------------------------------------------
     0 | D:1      | Muffindrake the Draconian Earth Elementalist began the
                  | quest for the Orb.
     0 | D:1      | Reached XP level 1. HP: 14/14 MP: 3/3
   185 | D:1      | Reached XP level 2. HP: 18/20 MP: 1/5
   464 | D:1      | You fall into a shaft and drop 1 floor!
   693 | D:2      | Reached XP level 3. HP: 26/26 MP: 3/6
   697 | D:2      | Learned a level 3 spell: Passwall
   840 | D:2      | Reached skill level 4 in Earth Magic
   931 | D:2      | Reached XP level 4. HP: 14/33 MP: 6/8
   947 | D:2      | Gained mutation: You are somewhat resistant to further
                  | mutation. [potion of mutation]
  1290 | D:2      | Learned a level 2 spell: Blink
  1467 | D:3      | Reached skill level 5 in Earth Magic
  1473 | D:3      | Reached XP level 5. HP: 38/38 MP: 3/9
  1548 | D:3      | Noticed Grinder
  1563 | D:3      | Killed Grinder
  1564 | D:3      | Reached skill level 6 in Earth Magic
  1564 | D:3      | Reached XP level 6. HP: 43/45 MP: 3/11
  1641 | D:3      | Learned a level 3 spell: Frozen Ramparts
  1690 | D:3      | Learned a level 1 spell: Apportation
  1719 | D:3      | Reached skill level 1 in Ice Magic
  1807 | D:3      | Noticed Jessica
  1865 | D:3      | Killed Jessica
  1904 | D:3      | Found a faded altar of an unknown god.
  2268 | D:3      | Found a runed translucent door.
  2269 | D:3      | Noticed Crazy Yiuf
  2592 | D:4      | Noticed an ice beast
  2603 | D:4      | Killed an ice beast
  2604 | D:4      | Your scales start taking on a lurid green colour.
  2604 | D:4      | Reached XP level 7. HP: 20/50 MP: 3/13
  2604 | D:4      | Gained mutation: Your system is resistant to poisons.
                  | (rPois) [Green Draconian growth]
  2715 | D:4      | Learned a level 4 spell: Petrify
  2759 | D:4      | Found a staircase to the Ecumenical Temple.
  2766 | Temple   | Entered the Ecumenical Temple
  2779 | Temple   | Became a worshipper of Cheibriados the Contemplative
  2803 | D:4      | Found Nogicuamok's Antique Armour Emporium.
  3061 | D:4      | Reached skill level 1 in Alchemy
  3608 | D:5      | Entered Level 5 of the Dungeon
  3796 | D:5      | Found an iron altar of Okawaru.
  3806 | D:5      | Reached skill level 7 in Earth Magic
  3944 | D:5      | Reached * piety under Cheibriados
  4115 | D:5      | Reached XP level 8. HP: 39/57 MP: 3/14
  4720 | D:6      | Found a runed translucent gate.
  4720 | D:6      | Found a runed translucent gate.
  4720 | D:6      | Found a runed translucent gate.
  4724 | D:6      | Noticed mn3067's ghost (novice TrFi)
  4829 | D:6      | Reached skill level 5 in Spellcasting
  4962 | D:6      | Reached ** piety under Cheibriados
  4963 | D:6      | Reached skill level 5 in Alchemy
  4965 | D:6      | Reached skill level 8 in Earth Magic
  5974 | D:7      | Reached XP level 9. HP: 62/62 MP: 15/17
  6616 | D:7      | Learned a level 5 spell: Irradiate
  7012 | D:8      | Reached *** piety under Cheibriados
  7099 | D:8      | Reached skill level 9 in Earth Magic
  7251 | D:8      | Found a glowing silver altar of Zin.
  7252 | D:8      | Found a bloodstained altar of Trog.
  7278 | D:8      | Found a glowing golden altar of the Shining One.
  7510 | D:9      | Found Iwing's Magic Scroll Emporium.
  7517 | D:9      | Bought a scroll of identify for 22 gold pieces
  7517 | D:9      | Bought a scroll of blinking for 82 gold pieces
  7517 | D:9      | Bought a scroll of blinking for 82 gold pieces
  7517 | D:9      | Bought a scroll of amnesia for 44 gold pieces
  7517 | D:9      | Bought a scroll of identify for 22 gold pieces
  7517 | D:9      | Bought a scroll of identify for 22 gold pieces
  7517 | D:9      | Bought a scroll of immolation for 44 gold pieces
  7517 | D:9      | Bought a scroll of identify for 22 gold pieces
  7517 | D:9      | Bought a scroll of identify for 22 gold pieces
  7517 | D:9      | Identified 2 scrolls of acquirement
  7523 | D:9      | Acquired a +2 vampiric quick blade
  7525 | D:9      | Acquired 827 gold pieces
  7530 | D:9      | Bought a scroll of enchant armour for 82 gold pieces
  7541 | D:9      | Found Xogoh's Weapon Shop.
  7541 | D:9      | Noticed a manticore
  7551 | D:9      | Mangled by a manticore

Illustrated notes

Levels and vault maps discovered:
D:1:      ebering_trefoil_3fold, layout_rooms
D:2:      layout_rooms, kennysheep_small_spiral, minmay_circle_x
D:3:      layout_rooms, shapermc_ecumenical_altar_mp_ritualfount, uniq_jessica,
          uniq_grinder, uniq_crazy_yiuf_cottage
D:4:      layout_loops_cross, minmay_temple_entry_statues_pillars, serial_shops,
          shop_statue, mrwooster_statue_mirror, kennysheep_another_room,
          dk_noncrumbling_3
D:5:      layout_rooms, mainiacjoe_overflow_cross_hatched
D:6:      layout_basic, gammafunk_ghost_necromancy
D:7:      layout_cave_pods, serial_library_regret_index_branch_corner
D:8:      layout_gridville, chequers_temple_overflow_statue_of_worship,
          lemuel_doored_altar
D:9:      layout_loops_corners, lair_entry_dummy, orc_0_dummy, serial_shops,
          nicolae_shop_bloodbath_and_beyond, shop, shop, nicolae_benzene_ring,
          minivault_16
Temple:   mainiacjoe_temple_coin_purse

Skill      XL: |  1  2  3  4  5  6  7  8  9 |
---------------+----------------------------+-----
Earth Magic    | 4 5 6 7 8 9 |  9.2
Spellcasting   | 3 4 5 |  5.8
Ice Magic      | 2 3 4 |  4.0
Alchemy        | 3 6 7 |  7.3
Conjurations   | 2 |  2.4
Dodging        | |  1.7
Stealth        | |  1.7

Action                     |  1- 3 |  4- 6 |  7- 9 || total
---------------------------+-------+-------+-------++-------
  Melee: Unarmed           |    20 |       |       ||    20
         Dagger            |   120 |   103 |   189 ||   412
         Tailslap          |    10 |    12 |    49 ||    71
         Punch             |     7 |     7 |    20 ||    34
         Quick blade       |       |       |     4 ||     4
   Cast: Sandblast         |    24 |    72 |    43 ||   139
         Frozen Ramparts   |       |       |    27 ||    27
         Petrify           |       |       |    17 ||    17
Ability: Breathe Noxious F |       |       |     1 ||     1
    Use: Potion            |       |     2 |     2 ||     4
         Scroll            |       |     1 |    17 ||    18
   Stab: Sleeping          |     3 |     1 |     3 ||     7
         Petrified         |       |       |    38 ||    38
         Petrifying        |       |       |     2 ||     2
 Armour: Skin              |   108 |    80 |   157 ||   345
  Dodge: Dodged            |   143 |    90 |   140 ||   373

Table legend: (Time is in decaauts)
 A = Elapsed time spent in this place.
 B = Non-inter-level travel time spent in this place.
 C = Inter-level travel time spent in this place.
 D = Time resting spent in this place.
 E = Time spent auto-exploring this place.
 F = Levels seen in this place.
 G = Mean time per level.
                   A        B        C        D        E       F      G
               +--------+--------+--------+--------+--------+-----+--------+
         Total |   8906 |   8625 |    281 |   1862 |   4844 |  10 |  890.6 |
       Dungeon |   8876 |   8623 |    253 |   1862 |   4844 |   9 |  986.2 |
        Temple |     30 |      3 |     27 |      0 |      0 |   1 |   30.0 |
               +--------+--------+--------+--------+--------+-----+--------+

Top non-repeatable levels by time:
     D:6: 1749 daAuts
     D:4: 1475 daAuts
     D:7: 1465 daAuts
     D:5: 1030 daAuts
     D:3: 933 daAuts
     D:2: 784 daAuts
     D:8: 685 daAuts
     D:1: 628 daAuts
     D:9: 125 daAuts
  Temple: 30 daAuts
